 Dungeon Crawl Stone Soup version 0.31.0 (webtiles) character file.

Game seed: 18076186449901674908

1782861 DracoOmega the Slayer (level 27, 242/242 HPs)
             Began as a Formicid Cinder Acolyte on Jan 19, 2024.
             Was a High Priest of Elyvilon.
             Escaped with the Orb
             ... and 3 runes on Jan 20, 2024!
             The game lasted 02:58:42 (61681 turns).

DracoOmega the Slayer (Formicid Cinder Acolyte)    Turns: 61681, Time: 02:58:43

Health: 242/242    AC: 43    Str: 30    XL:     27
Magic:  43/47      EV: 22    Int: 18    God:    Elyvilon [*****.]
Gold:   5258       SH: 22    Dex: 14    Spells: 38/44 levels left

rFire   + + +        a - +7 great mace "Firestarter" {flame, immolate, rFlCloud rF++}
rCold   . . .        d - +4 kite shield of Cuhih {Rampage}
rNeg    + . .        i - +10 pearl dragon scales
rPois   +            (helmet unavailable)
rElec   +            T - +2 cloak {rPois}
rCorr   .            r - +2 pair of gloves {Dex+3}
SInv    +            f - +3 pair of boots of Daffodils {rElec Regen+ Dex+2}
Will    ++...        W - amulet "Ziacol" {Reflect Regen+ Str-3 Int+3 SH+5} Stlth
                     I - ring of Dyoshoedo {MP+9 EV+5 Int+3}
HPRegen 2.20/turn    N - ring of protection from fire
MPRegen 0.30/turn

%: reflection, rampage
@: studying Shields
A: permanent stasis, dig shafts and tunnels, antennae 3, four strong arms, dopey
1, evolution 1, MP-powered wands, noise suppression
0: Orb of Zot
}: 3/15 runes: decaying, serpentine, slimy
a: Dig, Shaft Self, Renounce Religion, Purification, Heal Other, Heal Self,
Divine Vigour


You escaped.
You worshipped Elyvilon.
Elyvilon was extremely pleased with you.
You visited 12 branches of the dungeon, and saw 55 of its levels.
You visited 1 bazaar.
You also visited: Gauntlet and Ice Cave.

You collected 7768 gold pieces.
You spent 2510 gold pieces at shops.

Inventory:

Hand Weapons
 a - the +7 great mace "Firestarter" (weapon) {flame, immolate, rFlCloud rF++}
   (You took it off a wight on level 9 of the Dungeon)

   rFlCloud:  It grants immunity to clouds of flame.
   rF++:      It greatly protects you from fire.
 b - a +5 spectral great mace
Armour
 d - the +4 kite shield of Cuhih (worn) {Rampage}
   (You found it on level 2 of the Crypt)

   Rampage:   It bestows one free step when moving towards enemies.
 f - the +3 pair of boots of Daffodils (worn) {rElec Regen+ Dex+2}
   (You found it on level 1 of the Lair of Beasts)

   Dex+2:     It affects your dexterity (+2).
   rElec:     It insulates you from electricity.
   Regen+:    It increases your rate of health regeneration.
 i - +10 pearl dragon scales (worn)
 r - a +2 pair of gloves of dexterity (worn)
 S - a +0 kite shield of cold resistance
 T - a +2 cloak of poison resistance (worn)
Jewellery
 u - a ring of resist corrosion
 z - a +6 ring of dexterity
 F - an amulet of regeneration
 H - a ring of protection from cold
 I - the ring of Dyoshoedo (left hand) {MP+9 EV+5 Int+3}
   (You found it on level 5 of the Pits of Slime)

   [ring of evasion]

   EV+5:      It affects your evasion (+5).
   Int+3:     It affects your intelligence (+3).
   MP+9:      It affects your magic capacity (+9).
 J - an amulet of faith
 M - a +6 ring of strength
 N - a ring of protection from fire (right hand)
 W - the amulet "Ziacol" (around neck) {Reflect Regen+ Str-3 Int+3 SH+5}
   (You took it off a minotaur in a Gauntlet)

   [amulet of reflection]

   Reflect:   It reflects blocked missile attacks.
   Str-3:     It affects your strength (-3).
   Int+3:     It affects your intelligence (+3).
   Regen+:    It increases your rate of health regeneration.
   SH+5:      It affects your SH (+5).
 X - a ring of positive energy
 Y - an amulet of guardian spirit
Wands
 j - a wand of flame (11)
 o - a wand of mindburst (37)
 y - a wand of digging (12)
 E - a wand of iceblast (39)
 R - a wand of quicksilver (15)
 Z - a wand of charming (34)
Scrolls
 g - 4 scrolls of silence
 h - 3 scrolls of vulnerability
 l - 5 scrolls of revelation
 t - 7 scrolls of fog
 A - 7 scrolls of amnesia
 B - 3 scrolls of poison
 G - 4 scrolls of noise
 Q - 11 scrolls of fear
 V - 4 scrolls of immolation
Potions
 c - 3 potions of heal wounds
 e - a potion of invisibility
 k - 16 potions of curing
 n - 6 potions of brilliance
 p - 15 potions of ambrosia
 q - 12 potions of attraction
 x - 4 potions of might
 D - 6 potions of enlightenment
 K - 5 potions of resistance
 L - 3 potions of mutation
 O - 6 potions of cancellation
 P - 4 potions of lignification
 U - 2 potions of magic
Miscellaneous
 m - a phial of floods
 s - a sack of spiders
 v - a lightning rod (4/4)
 w - a phantom mirror
 C - a tin of tremorstones (2/2)


   Skills:
 + Level 25.0 Fighting
 - Level 15.4(18.8) Axes
 - Level 17.7(20.0) Maces & Flails
 - Level 22.3 Armour
 - Level 15.2 Dodging
 - Level 15.0 Shields
 - Level 9.0 Spellcasting
 - Level 11.8 Translocations
 - Level 3.0 Fire Magic
 - Level 22.7 Invocations
 - Level 15.0 Evocations


You had 38 spell levels left.
You knew the following spells:

 Your Spells              Type           Power      Damage    Failure   Level
a - Manifold Assault      Tloc           50%        N/A       1%          4
b - Scorch                Fire           36%        2d6       9%          2

Your spell library contained the following spells:

 Spells                   Type           Power      Damage    Failure   Level
 Apportation              Tloc           100%       N/A       1%          1
 Lesser Beckoning         Tloc           100%       N/A       1%          2
 Gell's Gravitas          Tloc           50%        N/A       1%          3
 Teleport Other           Tloc           50%        N/A       1%          3
 Passage of Golubria      Tloc           50%        N/A       1%          4
 Momentum Strike          Conj/Tloc      58%        3d9       2%          2
 Volatile Blastmotes      Fire/Tloc      68%        2d15      2%          3
 Foxfire                  Conj/Fire      52%        2x1d6     11%         1
 Dimensional Bullseye     Hex/Tloc       14%        N/A       17%         4
 Iskenderun's Mystic Bla  Conj/Tloc      29%        2d7       17%         4
 Magic Dart               Conj           32%        1d4       19%         1
 Necrotise                Necr           32%        1d5       19%         1
 Slow                     Hex            32%        N/A       19%         1
 Sting                    Conj/Alch      32%        1d5       19%         1
 Summon Small Mammal      Summ           32%        N/A       19%         1
 Dispersal                Tloc           25%        N/A       22%         6
 Cigotuvi's Dreadful Rot  Necr/Alch/Air  16%        N/A       28%         2
 Ensorcelled Hibernation  Hex/Ice        16%        N/A       28%         2
 Jinxbite                 Hex            16%        N/A       28%         2
 Mercury Vapours          Alch/Air       16%        N/A       28%         2
 Searing Ray              Conj           16%        2d5       28%         2
 Inner Flame              Hex/Fire       13%        N/A       30%         3
 Call Canine Familiar     Summ           8%         N/A       50%         3
 Confusing Touch          Hex            8%         N/A       50%         3
 Dazzling Flash           Conj/Hex       16%        N/A       50%         3
 Frozen Ramparts          Ice            16%        1d3       50%         3
 Fugue of the Fallen      Necr           8%         N/A       50%         3
 Hailstorm                Conj/Ice       8%         3d5       50%         3
 Mephitic Cloud           Conj/Alch/Air  8%         N/A       50%         3
 Ozocubu's Armour         Ice            8%         N/A       50%         3
 Passwall                 Erth           8%         N/A       50%         3
 Sigil of Binding         Hex            8%         N/A       50%         3
 Stone Arrow              Conj/Erth      16%        3d8       50%         3
 Summon Ice Beast         Ice/Summ       8%         N/A       50%         3
 Tukima's Dance           Hex            8%         N/A       50%         3
 Vampiric Draining        Necr           8%         2d6       50%         3
 Flame Wave               Conj/Fire      13%        2d6       71%         4
 Ignite Poison            Fire/Alch      13%        N/A       71%         4
 Sticky Flame             Fire/Alch      13%        2d5       71%         4
 Summon Blazeheart Golem  Fire/Summ      13%        N/A       71%         4
 Anguish                  Hex/Necr       4%         N/A       88%         4
 Animate Armour           Summ/Erth      16%        N/A       88%         4
 Fulminant Prism          Conj/Alch      4%         3d5       88%         4
 Leda's Liquefaction      Alch/Erth      4%         N/A       88%         4
 Olgreb's Toxic Radiance  Alch           8%         N/A       88%         4
 Summon Lightning Spire   Summ/Air       8%         N/A       88%         4
 Alistair's Intoxication  Alch           5%         N/A       99%         5
 Borgnjor's Vile Clutch   Necr/Erth      4%         N/A       99%         5
 Curse of Agony           Necr           8%         N/A       99%         5
 Freezing Cloud           Conj/Ice/Air   4%         6-21      99%         5
 Iskenderun's Battlesphe  Conj           8%         2d6       99%         5
 Lee's Rapid Deconstruct  Erth           4%         3d5*      99%         5
 Silence                  Hex/Air        4%         N/A       99%         5
 Summon Mana Viper        Hex/Summ       8%         N/A       99%         5
 Yara's Violent Unravell  Hex/Alch       4%         3d4       99%         5
 Bombard                  Conj/Erth      4%         9d2       100%        6
 Eringya's Noxious Bog    Alch           4%         4d6       100%        6
 Plasma Beam              Fire/Air       6%         2x1d17    100%        6
 Sculpt Simulacrum        Ice/Alch       4%         N/A       100%        6
 Starburst                Conj/Fire      6%         6d4       100%        6
 Summon Cactus Giant      Summ           4%         N/A       100%        6
 Enfeeble                 Hex            4%         N/A       100%        7
 Haunt                    Necr/Summ      4%         N/A       100%        7
 Monstrous Menagerie      Summ           4%         N/A       100%        7
 Orb of Destruction       Conj           4%         9d5       100%        7
 Ozocubu's Refrigeration  Ice            4%         4d8       100%        7
 Disjunction              Tloc           25%        N/A       100%        8
 Ignition                 Fire           9%         3d5       100%        8
 Lehudib's Crystal Spear  Conj/Erth      4%         10d3      100%        8
 Chain Lightning          Conj/Air       4%         3d5       100%        9
 Death's Door             Necr           4%         N/A       100%        9
 Fire Storm               Conj/Fire      6%         8d2       100%        9
 Polar Vortex             Ice            4%         N/A       100%        9
 Shatter                  Erth           4%         3d7*      100%        9
 Blink                    Tloc           Unusable   N/A       N/A         2
 Swiftness                Air            Unusable   N/A       N/A         3

Dungeon Overview and Level Annotations

Branches:
Dungeon (15/15)            Temple (1/1) D:6            Lair (5/5) D:8
  Swamp (4/4) Lair:2        Snake (4/4) Lair:2        Slime (5/5) Lair:5
    Orc (2/2) D:12            Elf (3/3) Orc:2        Vaults (4/5) D:14
  Crypt (3/3) Vaults:2       Tomb (0/3) Crypt:3      Depths (4/4) D:15
    Zot (5/5) Depths:4      IceCv (visited)         Gauntlet (visited)

Altars:
Ashenzari
Cheibriados
Dithmenos
Elyvilon
Fedhas
Gozag
Hepliaklqana
Kikubaaqudgha
Makhleb
Nemelex Xobeh
Okawaru
Qazlal
Ru
Sif Muna
Trog
Uskayaw
Vehumet
Wu Jian
Xom
Yredelemnul
Zin
The Shining One
Lugonu

Shops:
D:2 (   D:12 [   Orc:2 =([**[   Elf:1 :[   Elf:2 [:   Snake:1 =

Portals:
Hell: Depths:1 Depths:2 Depths:3 Depths:4
Abyss: Depths:3
Pandemonium: Depths:1 Depths:2 Depths:3
Ziggurat: Depths:2
Trove: D:12 (give 17 potions of curing)

Annotations:
D:3 1 runed translucent door, Crazy Yiuf
D:11 2 transporters, hihot's ghost, journeyman FeSh
D:14 Roxanne
Lair:4 1 runed translucent door, Skeral's ghost, journeyman FoCA
Elf:2 3 runed translucent doors
Depths:3 2 transporters, exclusion: obsidian statue
Depths:4 3 runed translucent doors, Caat Rau's ghost, adept DgCj
Zot:4 3 runed translucent doors, Mikey69's ghost, legendary DsBe


Innate Abilities, Weirdness & Mutations

You cannot be hasted, slowed, berserked, paralysed or teleported.
You can dig through walls and to a lower floor.
You have a pair of large antennae on your head. (SInv)
Your four strong arms can wield two-handed weapons with a shield.
You are dopey. (Int -2)
You have hidden genetic potential.
You expend magic power (3 MP) to strengthen your wands.
You passively dampen the noise of your surroundings.


Message History

Flame seeps out of the Executioner.
The Executioner hits you but does no damage.
The Executioner misses you. x2
You hit the Executioner.
Flame seeps out of the Executioner.
The Executioner is almost dead.
You block the Executioner's attack. x3
The Executioner is engulfed in blazing flames.
Flame seeps out of the Executioner.
The Executioner hits you but does no damage. x3
You bludgeon the Executioner!!
The Executioner explodes!
The fiery explosion engulfs you. You resist.
Unknown command.
Unknown command.
What level of the Dungeon? (default 1, ? - help) You're already here!
Unknown command.
You sense a monster nearby.
A glowing orange brain comes into view.
The glowing orange brain turns its attention towards you.
There is an open door here.
You rampage towards the glowing orange brain!
You sock the glowing orange brain! You burn the glowing orange brain.
The glowing orange brain is filled with an inner flame.
The glowing orange brain is heavily wounded.
You hit the glowing orange brain but do no damage.
The glowing orange brain is heavily wounded.
You bludgeon the glowing orange brain!!
Flame seeps out of the glowing orange brain.
You burn the glowing orange brain.
Flame seeps out of the glowing orange brain.
The glowing orange brain is almost dead.
The glowing orange brain is engulfed in blazing flames.
The glowing orange brain explodes!
The fiery explosion engulfs you. You resist.
HP restored.
You enter the shallow water.
Moving in this stuff is going to be slow.
There is a staircase leading out of the dungeon here.
You have escaped!

##########
#######........#
........#################
#######.#≈≈≈≈≈≈≈≈≈≈≈≈≈≈≈#
## #..#≈≈≈≈≈.....≈≈≈≈≈#
.# ##.#≈≈....~~~....≈≈#
.# #.#≈...~~~.~~~...≈# .#
#.....~~~.@..~~..≈# .#
#.#≈...~~~.~~~...≈# .#
#.#≈≈....~~~....≈≈# .#
##.#≈≈≈≈≈.....≈≈≈≈≈# .#
##..#≈≈≈≈≈≈≈.≈≈≈≈≈≈≈# .#
##...########.########
####.........##.....##.#
...'.........'.........#
####.........#.##....###


There were no monsters in sight!

Vanquished Creatures
  the Royal Jelly (Slime:5)
  4 orbs of fire
  3 dread liches
  5 ancient liches (Zot:5)
  Mara (Vaults:2)
  A juggernaut (Depths:4)
  Sojobo (Vaults:2)
  Vashnia (Snake:3)
  4 Killer Klowns
  2 curse toes
  Nikola (Swamp:1)
  12 golden dragons
  Norris (Depths:1)
  A spectral shard shrike (Crypt:3)
  3 Tzitzimimeh (Zot:1)
  6 doom hounds
  5 electric golems
  Mlioglotl (Lair:2)
  10 tentacled monstrosities
  4 deep elf blademasters
  25 Orb Guardians (Zot:5)
  A walking divine tome (Depths:3)
  4 liches
  Grunn (Zot:1)
  3 quicksilver dragons
  18 acid blobs
  3 deep elf master archers (Elf:3)
  3 sphinxes
  5 death cobs
  5 ancient champions
  An Executioner (D:1)
  2 protean progenitors (Zot:5)
  16 storm dragons
  6 tengu reavers
  18 rockslimes
  Donald (Vaults:2)
  4 shadow dragons
  5 draconian monks
  Aizul (Swamp:1)
  12 azure jellies
  2 revenants (Crypt:3)
  2 fire giants
  3 nagarajas
  2 draconian scorchers (Zot:4)
  4 draconian shifters
  7 draconian knights
  18 vault wardens
  12 deep elf sorcerers
  2 iron dragons (Zot:3)
  10 frost giants
  2 spectral caustic shrikes (Crypt:3)
  2 spectral juggernauts
  2 deep elf elementalists
  2 curse skulls
  2 draconian stormcallers
  A reaper (Vaults:2)
  A demonspawn blood saint (D:5)
  4 orc warlords
  2 spriggan defenders (Depths:4)
  14 stone giants
  6 ghouls
  4 draconian annihilators
  8 very ugly things
  6 quicksilver oozes
  12 ironbound thunderhulks
  10 formless jellyfish
  17 ironbound preservers
  2 eleionomae
  6 deep elf annihilators (Elf:3)
  2 vampire knights
  33 dire elephants
  10 black draconians
  12 green draconians
  A minotaur (Gauntlet)
  10 yellow draconians
  7 deep elf death magi
  6 red draconians
  5 deep elf demonologists
  2 spark wasps (Zot:5)
  4 purple draconians
  9 white draconians
  4 spectral titans (Crypt:2)
  6 war gargoyles
  5 bunyips
  14 eidola
  3 green deaths
  A blizzard demon (D:5)
  A crystal guardian (Vaults:4)
  10 ettins
  A merfolk javelineer (Depths:3)
  Josephine (Lair:4)
  11 jiangshi
  2 spectral quicksilver dragons (Crypt:3)
  3 spectral spriggans
  9 fire dragons
  A merfolk impaler (Depths:3)
  2 spectral fenstrider witches
  14 great orbs of eyes
  A shambling mangrove (Swamp:3)
  8 yaktaur captains
  A deep elf high priest (Elf:3)
  5 rakshasas
  21 vault guards
  2 hell beasts
  An entropy weaver (Vaults:2)
  18 hydras
  An ogre mage (D:15)
  A quicksilver dragon skeleton (Crypt:2)
  3 peacekeepers
  3 salamander tyrants (Snake:4)
  17 ice dragons
  2 catoblepae (Lair:5)
  4 spriggan air magi
  A ghost crab (Swamp:1)
  11 alligators
  11 ironbound frosthearts
  7 anacondas
  A death knight (D:13)
  15 naga warriors
  Erica (Orc:1)
  5 dancing weapons
  A hell hog (Lair:5)
  3 death yaks (Lair:5)
  15 centaur warriors
  6 two-headed ogres
  4 tengu warriors
  8 boulder beetles
  9 deep troll shamans
  6 deep troll earth magi
  7 spriggan berserkers
  2 occultists (Depths:2)
  3 spectral storm dragons (Crypt:3)
  15 naga sharpshooters
  2 soul eaters
  8 vampire magi
  2 spectral dire elephants (Crypt:3)
  5 orc high priests (Orc:2)
  9 deep elf knights
  4 shock serpents
  A titan skeleton (Crypt:3)
  4 salamander mystics (Snake:4)
  15 hell knights
  17 shadow wraiths
  4 skysharks
  A sun demon (Depths:2)
  A shadow demon (Vaults:4)
  A deep troll (shapeshifter) (Depths:2)
  7 iron trolls
  A quicksilver dragon simulacrum (Crypt:3)
  Amaemon (D:8)
  5 mana vipers
  3 spriggan druids
  8 flayed ghosts
  6 goliath frogs
  A death drake (Swamp:2)
  24 skeletal warriors
  56 deep trolls
  7 naga ritualists
  9 swamp dragons
  5 arcanists
  11 bog bodies
  7 glowing orange brains
  16 phantasmal warriors
  12 harpies (Vaults:1)
  14 lindwurms
  12 orc knights
  An orange crystal statue (IceCv)
  16 deep elf archers
  15 ironbound convokers
  2 spriggan simulacra
  6 necromancers
  4 large abominations
  18 deep elf zephyrmancers
  34 ugly things
  A harpy (shapeshifter) (Elf:1)
  An iron dragon zombie (Crypt:2)
  30 deep elf pyromancers
  An orc sorcerer (Orc:1)
  17 moths of wrath
  9 manticores
  3 spectral ettins
  8 shining eyes
  13 cyclopes
  A shadow dragon skeleton (Crypt:2)
  4 oklob plants (Lair:5)
  A spectral alligator snapping turtle (Crypt:3)
  An elephant (shapeshifter) (Depths:3)
  4 will-o-the-wisps
  A spectral centaur (Crypt:2)
  A frost giant zombie (Crypt:1)
  A fire giant zombie (Crypt:2)
  15 salamanders
  10 elephants
  A rust devil (Depths:2)
  4 meliai
  2 smoke demons
  5 orange demons
  2 gargoyles
  8 guardian serpents
  28 black mambas
  6 eyes of devastation
  20 vault sentinels
  8 cane toads
  A cane toad (shapeshifter) (Elf:3)
  13 naga magi
  An elephant slug zombie (Crypt:1)
  A white draconian zombie (Crypt:3)
  Maggie (D:8)
  13 rime drakes
  A kobold demonologist (D:11)
  8 komodo dragons
  A bunyip simulacrum (Crypt:2)
  An unseen horror (D:12)
  A tengu conjurer (Depths:2)
  27 freezing wraiths
  23 yaktaurs
  A steelbarb worm zombie (Crypt:2)
  An anaconda simulacrum (Crypt:2)
  A purple draconian zombie (Crypt:3)
  A tormentor (Depths:4)
  4 efreet
  A spectral two-headed ogre (Crypt:2)
  5 spectral harpies
  16 polar bears
  2 bloated husks (Swamp:2)
  A harpy zombie (Crypt:2)
  A pale draconian skeleton (Crypt:2)
  2 hellwings (D:12)
  5 trolls
  A queen bee (D:12)
  6 tyrant leeches
  A wolf spider simulacrum (D:14)
  A polar bear (shapeshifter) (Elf:1)
  A death drake skeleton (Crypt:1)
  3 glass eyes (Slime:5)
  2 raiju (Lair:5)
  17 hornets
  2 dream sheep (Lair:5)
  4 blink frogs (Lair:5)
  A jumping spider (shapeshifter) (Elf:1)
  An ettin zombie (Crypt:2)
  Sigmund (D:2)
  A slime creature (shapeshifter) (Depths:2)
  56 yaks
  16 spriggans
  An air elemental (Elf:1)
  A centaur simulacrum (D:14)
  An ice dragon skeleton (Crypt:2)
  6 shadows
  8 wraiths
  117 slime creatures
  18 fire elementals
  A human (shapeshifter) (D:13)
  5 wyverns
  6 humans (D:14)
  13 water elementals
  A warg (shapeshifter) (D:13)
  5 basilisks
  A black mamba skeleton (Crypt:2)
  A steam dragon (D:8)
  12 golden eyes
  9 wargs
  Menkaure (D:7)
  14 swamp worms
  9 vampire mosquitoes (D:12)
  42 nagas
  A merfolk zombie (Crypt:1)
  A harpy simulacrum (Crypt:3)
  A merfolk skeleton (Crypt:1)
  2 acid dragons
  A cane toad zombie (Crypt:1)
  13 hell hounds (Lair:5)
  11 water moccasins
  12 black bears
  A black bear (shapeshifter) (Elf:1)
  A deep troll skeleton (Crypt:2)
  2 ice beasts (D:8)
  2 elephant zombies
  11 laughing skulls
  2 sky beasts
  2 swamp drakes
  42 orc warriors
  8 ogres
  A wolf (shapeshifter) (D:15)
  21 wolves
  A blink frog skeleton (Crypt:1)
  6 centaurs
  2 fire crab zombies (Crypt:2)
  5 kobold brigands
  A komodo dragon zombie (Crypt:2)
  11 necrophages
  19 bullfrogs
  A warg zombie (Crypt:3)
  3 earth elementals
  A two-headed ogre simulacrum (Crypt:2)
  A water moccasin zombie (D:4)
  7 wights
  29 killer bees
  An electric eel (Lair:5)
  2 vampire bats (D:4)
  A yak skeleton (Crypt:3)
  6 howler monkeys
  A raiju skeleton (Crypt:1)
  A bombardier beetle (D:6)
  4 hounds
  4 jellies
  2 gnoll boudas (D:8)
  39 orc priests
  An iguana (D:7)
  A boggart zombie (Crypt:1)
  Jessica (D:3)
  2 sleepcaps
  Natasha (twice) (D:1)
  Terence (D:2)
  8 orc wizards
  4 hell rats (Lair:5)
  A sky beast zombie (Crypt:2)
  A hound zombie (D:4)
  A hound skeleton (D:5)
  7 gnolls (D:5)
  A steam dragon zombie (Crypt:1)
  6 adders
  An iguana zombie (Crypt:3)
  3 dart slugs
  2 ribbon worms
  73 orcs
  8 bats
  4 bat zombies (D:4)
  6 endoplasms
  3 giant cockroaches
  20 goblins
  8 hobgoblins
  3 jackals (D:4)
  21 kobolds
  4 quokkas
  5 ball pythons
  3 frilled lizards
  A kobold skeleton (Crypt:3)
  6 rats
2365 creatures vanquished.

Vanquished Creatures (collateral kills)
  A curse toe (Zot:2)
  A bone dragon (Zot:1)
  Jorgrun (Swamp:2)
  2 draconian monks (Zot:1)
  A protean progenitor (Zot:3)
  A yellow draconian (Zot:1)
  A red draconian (Zot:1)
  A moth of wrath (Zot:1)
  A tyrant leech (Swamp:1)
  An orc warrior (Orc:1)
  An orc wizard (Orc:1)
  3 foxfires (D:5)
15 creatures vanquished.

Vanquished Creatures (others)
  A protean progenitor (Zot:1)
  A fenstrider witch (Swamp:4)
  2 boulder beetles
  A tengu warrior (D:11)
  A naga sharpshooter (Snake:4)
  A goliath frog (Swamp:4)
  A bog body (Swamp:4)
  2 deep elf zephyrmancers (Elf:1)
  An ugly thing (Swamp:4)
  A moth of wrath (Zot:2)
  A polar bear (IceCv)
  10 bloated husks
  A naga (Snake:3)
  An orc wizard (D:7)
  62 foxfires
  10 spectral weapons
97 creatures vanquished.

Grand Total: 2477 creatures vanquished

Notes
Turn   | Place    | Note
-------+----------+-------------------------------------------
     0 | D:1      | DracoOmega the Formicid Cinder Acolyte began the quest for
                  | the Orb.
     0 | D:1      | Reached XP level 1. HP: 18/18 MP: 2/2
   310 | D:1      | Reached XP level 2. HP: 24/24 MP: 3/3
   316 | D:1      | Learned a level 2 spell: Scorch
   733 | D:1      | Reached XP level 3. HP: 10/27 MP: 4/4
  1070 | D:2      | Noticed Natasha
  1080 | D:1      | Killed Natasha
  1081 | D:1      | Reached XP level 4. HP: 15/35 MP: 0/5
  1217 | D:2      | Noticed Sigmund
  1243 | D:1      | Noticed Natasha
  1256 | D:1      | HP: 1/35 [Natasha (8)]
  1257 | D:1      | Killed Natasha
  1258 | D:1      | Reached skill level 5 in Axes
  1541 | D:2      | Noticed Terence
  1547 | D:2      | Killed Terence
  1548 | D:2      | Reached XP level 5. HP: 37/41 MP: 6/6
  1826 | D:2      | Found Yheud's Weapon Boutique.
  1831 | D:2      | Killed Sigmund
  1832 | D:2      | Reached XP level 6. HP: 47/47 MP: 7/7
  1906 | D:2      | Found a faded altar of an unknown god.
  2454 | D:3      | Noticed an ogre
  2590 | D:3      | Noticed Jessica
  2600 | D:3      | Killed an ogre
  2601 | D:3      | Reached XP level 7. HP: 13/52 MP: 8/8
  2750 | D:3      | Killed Jessica
  2995 | D:3      | Found a runed translucent door.
  2996 | D:3      | Noticed Crazy Yiuf
  3193 | D:3      | Found a shimmering altar of Xom.
  3386 | D:4      | Identified the +0 chain mail of the Forest {Int+4}
  3593 | D:4      | Found a snail-covered altar of Cheibriados.
  4028 | D:4      | Found an ancient bone altar of Kikubaaqudgha.
  4155 | D:4      | Reached XP level 8. HP: 58/58 MP: 0/9
  4612 | D:4      | Found a basalt altar of Yredelemnul.
  4741 | D:5      | Entered Level 5 of the Dungeon
  5164 | D:5      | Reached skill level 10 in Axes
  5233 | D:5      | Found a shadowy altar of Dithmenos.
  5974 | D:5      | Found a glowing golden altar of the Shining One.
  6135 | D:5      | Found a burning altar of Makhleb.
  6150 | D:5      | Reached XP level 9. HP: 58/64 MP: 3/10
  6367 | D:6      | Reached skill level 1 in Armour
  6374 | D:6      | Found a staircase to the Ecumenical Temple.
  6971 | D:6      | Reached skill level 5 in Armour
  7338 | D:7      | Found a blossoming altar of Fedhas.
  7363 | D:7      | Reached skill level 4 in Fighting
  7399 | D:7      | Noticed Menkaure
  7410 | D:7      | Killed Menkaure
  7472 | D:7      | Found an iron altar of Okawaru.
  7478 | D:7      | Identified the +8 hand axe of Utheavuk {venom, ^Fragile
                  | rElec rN+}
  7506 | D:7      | Found a glowing silver altar of Zin.
  7565 | D:7      | Reached skill level 5 in Fighting
  8132 | D:8      | Found an ornate altar of the Wu Jian Council.
  8208 | D:8      | Reached skill level 6 in Fighting
  8311 | D:8      | Noticed a rime drake
  8312 | D:8      | Noticed a polar bear
  8315 | D:8      | Killed a rime drake
  8316 | D:8      | Reached XP level 10. HP: 76/76 MP: 11/11
  8335 | D:8      | Noticed Maggie
  8356 | D:8      | Found a staircase to the Lair.
  8941 | D:8      | Noticed Amaemon
  8941 | D:8      | Noticed an orange demon
  8950 | D:8      | Killed Amaemon
  8958 | D:8      | Killed an orange demon
  9046 | D:8      | Reached skill level 1 in Evocations
  9207 | D:8      | Reached XP level 11. HP: 79/81 MP: 12/12
  9225 | D:8      | Reached skill level 5 in Evocations
  9444 | D:8      | Found a sacrificial altar of Ru.
  9618 | D:8      | Killed Maggie
 10315 | D:9      | Noticed a deep elf pyromancer
 10526 | D:9      | Found a sparkling altar of Nemelex Xobeh.
 10672 | D:9      | Noticed a cyclops
 10837 | D:9      | Killed a cyclops
 10838 | D:9      | Reached skill level 15 in Axes
 11081 | D:9      | Noticed a green ugly thing
 11095 | D:9      | Killed a green ugly thing
 11178 | D:9      | Identified the +0 leather armour of Irifoviss {rN++ Will+
                  | Slay-4 Stlth+}
 11187 | D:9      | Killed a deep elf pyromancer
 11677 | D:10     | Entered Level 10 of the Dungeon
 11729 | D:10     | Reached XP level 12. HP: 75/89 MP: 13/13
 12325 | D:10     | Found a hazy altar of Hepliaklqana.
 12429 | D:10     | Reached skill level 5 in Maces & Flails
 12803 | D:11     | Found a bloodstained altar of Trog.
 12816 | D:11     | Noticed a two-headed ogre
 12818 | D:11     | Noticed a tengu warrior
 13107 | D:11     | Found a transporter.
 13113 | D:11     | Found a transporter.
 13114 | D:11     | Noticed hihot's ghost (journeyman FeSh)
 13125 | D:11     | Noticed a two-headed ogre
 13128 | D:11     | Killed a two-headed ogre
 13143 | D:11     | Noticed a tengu warrior
 13145 | D:11     | Noticed a centaur warrior
 13147 | D:11     | Killed a tengu warrior
 13149 | D:11     | Killed a centaur warrior
 13152 | D:11     | Noticed a yaktaur captain
 13161 | D:11     | Noticed a five-headed hydra
 13164 | D:11     | Killed a five-headed hydra
 13223 | D:11     | Noticed a two-headed ogre
 13236 | D:11     | Killed a two-headed ogre
 13458 | D:11     | Noticed a two-headed ogre
 13460 | D:11     | Noticed a two-headed ogre
 13639 | Lair:1   | Entered Level 1 of the Lair of Beasts
 13652 | Lair:1   | Reached skill level 10 in Maces & Flails
 13685 | Lair:1   | Found a gate leading to a gauntlet.
 13716 | Gauntlet | Entered a Gauntlet
 13716 | Gauntlet | Found a transporter.
 13729 | Gauntlet | Found a transporter.
 13740 | Gauntlet | Found a transporter.
 13742 | Gauntlet | Found a large runed translucent door.
 13743 | Gauntlet | Found a large runed translucent door.
 13744 | Gauntlet | Found a large runed translucent door.
 13744 | Gauntlet | Found a large runed translucent door.
 13744 | Gauntlet | Found a runed translucent door.
 13745 | Gauntlet | Found a transporter.
 13746 | Gauntlet | Found a runed translucent door.
 13747 | Gauntlet | Found a large runed translucent door.
 13747 | Gauntlet | Found a large runed translucent door.
 13748 | Gauntlet | Found a large runed translucent door.
 13749 | Gauntlet | Found a large runed translucent door.
 13755 | Gauntlet | Found a large runed translucent door.
 13755 | Gauntlet | Found a large runed translucent door.
 13756 | Gauntlet | Found a large runed translucent door.
 13756 | Gauntlet | Found a large runed translucent door.
 13757 | Gauntlet | Found a large runed translucent door.
 13757 | Gauntlet | Found a large runed translucent door.
 13758 | Gauntlet | Found a runed translucent gate.
 13758 | Gauntlet | Found a runed translucent gate.
 13758 | Gauntlet | Found a runed translucent gate.
 13759 | Gauntlet | Noticed a death yak
 13759 | Gauntlet | Noticed a death yak
 13759 | Gauntlet | Noticed a death yak
 13760 | Gauntlet | Found a transporter.
 13760 | Gauntlet | Noticed a death yak
 13770 | Gauntlet | Found a large runed translucent door.
 13771 | Gauntlet | Found a large runed translucent door.
 13779 | Gauntlet | Found a transporter.
 13782 | Gauntlet | Noticed a thrashing horror
 13791 | Gauntlet | Found a transporter.
 13794 | Gauntlet | Noticed a dire elephant
 13799 | Gauntlet | Found a transporter.
 13799 | Gauntlet | Found a transporter.
 13816 | Gauntlet | Found a transporter.
 13820 | Gauntlet | Noticed a wretched star
 13824 | Gauntlet | Noticed a sixfirhy
 13826 | Gauntlet | Noticed a sixfirhy
 13831 | Gauntlet | Found a transporter.
 13834 | Gauntlet | Noticed a sixfirhy
 13840 | Gauntlet | Found a transporter.
 13846 | Gauntlet | Found a transporter.
 13846 | Gauntlet | Found a transporter.
 13885 | Gauntlet | Found a transporter.
 13911 | Gauntlet | Found a transporter.
 13913 | Gauntlet | Found a transporter.
 14023 | Gauntlet | Found a transporter.
 14341 | Gauntlet | Reached XP level 13. HP: 88/95 MP: 14/14
 14425 | Gauntlet | Killed a dire elephant
 14525 | Gauntlet | Identified the amulet "Ziacol" {Reflect Regen+ Str-3 Int+3
                  | SH+5}
 14525 | Gauntlet | Noticed a minotaur
 14532 | Gauntlet | Killed a minotaur
 14698 | Gauntlet | Identified the +0 scale mail of Sophism {Str+3}
 14698 | Gauntlet | Identified the amulet "Gosyw" {Spirit MP+9}
 15285 | Lair:1   | Identified the +3 pair of boots of Daffodils {rElec Regen+
                  | Dex+2}
 15552 | Lair:2   | Noticed a five-headed hydra
 15553 | Lair:2   | Noticed a four-headed hydra
 15561 | Lair:2   | Killed a five-headed hydra
 15562 | Lair:2   | Killed a four-headed hydra
 15572 | Lair:2   | Found a staircase to the Swamp.
 15673 | Lair:2   | Found a staircase to the Snake Pit.
 15703 | Lair:2   | Noticed a five-headed hydra
 15712 | Lair:2   | Killed a five-headed hydra
 15713 | Lair:2   | Reached skill level 7 in Fighting
 16229 | Lair:2   | Identified the beast talisman of Beyond {rElec Str+4 Int+2
                  | Dex-4}
 17304 | Lair:4   | Reached skill level 1 in Shields
 17318 | Lair:4   | Reached XP level 14. HP: 98/103 MP: 15/15
 17335 | Lair:4   | Found a runed translucent door.
 17336 | Lair:4   | Noticed Skeral's ghost (journeyman FoCA)
 17412 | Lair:4   | Noticed Josephine
 17420 | Lair:4   | Killed Josephine
 17421 | Lair:4   | Reached skill level 5 in Shields
 17792 | Lair:5   | Entered Level 5 of the Lair of Beasts
 17800 | Lair:5   | Reached skill level 10 in Armour
 17966 | Lair:5   | Found a staircase to the Slime Pits.
 18180 | Lair:5   | Reached skill level 8 in Fighting
 18640 | Lair:5   | Reached XP level 15. HP: 89/112 MP: 16/16
 18674 | Lair:5   | Reached skill level 9 in Fighting
 19589 | D:12     | Reached skill level 15 in Maces & Flails
 19687 | D:12     | Found a staircase to the Orcish Mines.
 19688 | D:12     | Found Doteuj's Armour Boutique.
 19729 | D:12     | Found a portal to a secret trove of treasure.
 20047 | D:12     | Reached skill level 10 in Fighting
 20847 | Orc:1    | Entered Level 1 of the Orcish Mines
 20847 | Orc:1    | Noticed Erica
 20847 | Orc:1    | Noticed an orc warlord
 20857 | Orc:1    | Killed Erica
 20859 | Orc:1    | Killed an orc warlord
 20860 | Orc:1    | Reached skill level 11 in Fighting
 20930 | Orc:1    | Reached XP level 16. HP: 84/125 MP: 17/17
 20965 | Orc:1    | Noticed a kraken
 21189 | Orc:2    | Entered Level 2 of the Orcish Mines
 21331 | Orc:2    | Found Xefeh's Armour Shop.
 21385 | Orc:2    | Found Reoptoej's Retail Resort.
 21611 | Orc:2    | Found a staircase to the Elven Halls.
 21844 | Orc:1    | Found a radiant altar of Vehumet.
 22098 | Orc:2    | Reached skill level 12 in Fighting
 22269 | Orc:2    | Found Numuh's General Store.
 22272 | Orc:2    | Found Qecvoff's Jewellery Shoppe.
 22273 | Orc:2    | Found Dumul's Antique Armour Shoppe.
 22274 | Orc:2    | Found Tyocruf's Weapon Emporium.
 22287 | Orc:2    | Bought a pair of runed gloves for 262 gold pieces
 22302 | Orc:2    | Bought 3 scrolls of fear for 156 gold pieces
 22302 | Orc:2    | Bought a scroll of fear for 52 gold pieces
 22567 | Temple   | Entered the Ecumenical Temple
 22584 | Temple   | Fell from the grace of Ignis
 22584 | Temple   | Became a worshipper of Elyvilon the Healer
 22796 | D:14     | Reached skill level 1 in Invocations
 22953 | D:14     | Noticed Roxanne
 23109 | D:14     | Reached * piety under Elyvilon
 23347 | D:14     | Reached skill level 5 in Invocations
 23438 | D:14     | Found a gate to the Vaults.
 23719 | D:15     | Entered Level 15 of the Dungeon
 23839 | D:15     | Found a staircase to the Depths.
 23930 | D:15     | Reached ** piety under Elyvilon
 24228 | D:15     | Reached skill level 10 in Invocations
 24228 | D:15     | Reached XP level 17. HP: 111/134 MP: 24/24
 24977 | D:10     | Was forgiven by Ignis
 25123 | Swamp:1  | Entered Level 1 of the Swamp
 25128 | Swamp:1  | Noticed Mlioglotl
 25132 | Swamp:1  | Noticed a bone dragon
 25176 | Snake:1  | Entered Level 1 of the Snake Pit
 25176 | Snake:1  | Found an iron altar of Okawaru.
 25452 | Snake:1  | Reached *** piety under Elyvilon
 25671 | Snake:1  | Found Cudiemp's Jewellery Shop.
 26103 | Snake:2  | Reached **** piety under Elyvilon
 27339 | Snake:3  | Noticed Vashnia
 27345 | Snake:3  | Reached skill level 15 in Invocations
 27380 | Snake:3  | Killed Vashnia
 27845 | Snake:4  | Entered Level 4 of the Snake Pit
 27871 | Snake:4  | Reached XP level 18. HP: 70/141 MP: 30/30
 28015 | Snake:4  | Reached skill level 10 in Shields
 28132 | Snake:4  | Noticed Asterion
 28395 | Snake:4  | Pacified Asterion
 28479 | Snake:4  | Reached skill level 15 in Shields
 28970 | Snake:4  | Got a serpentine rune of Zot
 29334 | Orc:2    | Bought a runed plate armour for 910 gold pieces
 29615 | Lair:2   | Killed Mlioglotl
 29648 | Swamp:1  | Identified the +3 pair of gloves "Xamum" {rF- Str+6 Dex+2}
 29648 | Swamp:1  | Noticed Nikola
 29662 | Swamp:1  | Killed Nikola
 29788 | Swamp:1  | Identified the serpent talisman of the Pirate {*Slow rElec
                  | Int+7 Dex+3}
 29788 | Swamp:1  | Noticed Aizul
 29807 | Swamp:1  | Killed Aizul
 29822 | Swamp:1  | Reached XP level 19. HP: 75/147 MP: 31/31
 29993 | Swamp:1  | Was placed under penance by Elyvilon
 30393 | Swamp:2  | Noticed Jorgrun
 30506 | Swamp:2  | Reached skill level 13 in Fighting
 30546 | Swamp:2  | Killed Jorgrun
 30642 | Swamp:2  | Was forgiven by Elyvilon
 31009 | Swamp:3  | Found a white marble altar of Elyvilon.
 31082 | Swamp:3  | Reached skill level 14 in Fighting
 31411 | Swamp:4  | Entered Level 4 of the Swamp
 31411 | Swamp:4  | Found a glacial archway.
 31502 | IceCv    | Entered an ice cave
 31525 | IceCv    | Reached skill level 15 in Fighting
 31944 | IceCv    | Reached skill level 16 in Fighting
 31999 | IceCv    | Got Zuozakom's Reference Book on Ice
 32224 | Swamp:4  | Reached XP level 20. HP: 160/164 MP: 32/32
 32364 | Swamp:4  | Reached skill level 10 in Evocations
 32571 | Swamp:4  | Got a decaying rune of Zot
 33269 | Vaults:1 | Entered Level 1 of the Vaults
 33820 | Vaults:1 | Reached XP level 21. HP: 118/171 MP: 33/33
 33916 | Vaults:1 | Reached skill level 15 in Evocations
 33921 | Vaults:1 | Found the +10 Black Knight's barding {ponderous, rPois rN+}
 33985 | Vaults:1 | Reached ***** piety under Elyvilon
 34418 | Vaults:2 | Noticed Donald
 34426 | Vaults:2 | Killed Donald
 34539 | Vaults:2 | Noticed Mara
 34578 | Vaults:2 | Reached skill level 17 in Fighting
 34586 | Vaults:2 | Noticed DracoOmega's illusion
 34597 | Vaults:2 | Killed Mara
 34910 | Vaults:2 | Reached skill level 15 in Armour
 34933 | Vaults:2 | Reached skill level 18 in Fighting
 35105 | Vaults:2 | Identified the +1 flail of Instant Death {freeze, Int+6}
 35605 | Vaults:2 | Reached XP level 22. HP: 182/185 MP: 34/34
 35624 | Vaults:2 | Found a staircase to the Crypt.
 35654 | Vaults:2 | Noticed Sojobo
 35660 | Vaults:2 | Killed Sojobo
 36353 | Vaults:3 | Reached ****** piety under Elyvilon
 36372 | Vaults:3 | Reached skill level 19 in Fighting
 37094 | Vaults:3 | Identified the +9 quarterstaff of Conscience {flame, rF+
                  | Int+4}
 37209 | Vaults:3 | Identified the +0 robe of an ice cave {Slay+2}
 37339 | Vaults:4 | Found a flickering gateway to a bazaar.
 37358 | Bazaar   | Entered a bazaar
 37379 | Bazaar   | Found Silur's Book Boutique.
 37379 | Bazaar   | Found Atadgh's Weapon Shop.
 37437 | Bazaar   | Found Uwusum's Weapon Boutique.
 37437 | Bazaar   | Found Hoofaere's Armour Shop.
 37455 | Bazaar   | Bought +0 pearl dragon scales for 800 gold pieces
 37543 | Vaults:4 | Reached skill level 1 in Translocations
 37651 | Vaults:4 | Gained mutation: Armour fits poorly on your strangely
                  | shaped body. [mutagenic glow]
 37871 | Vaults:4 | Reached skill level 5 in Translocations
 37919 | Vaults:4 | Reached XP level 23. HP: 196/196 MP: 35/35
 38744 | Elf:1    | Entered Level 1 of the Elven Halls
 39221 | Elf:1    | Found Laew's Armour Boutique.
 39228 | Elf:1    | Found Kirirph's Book Shop.
 39257 | Elf:1    | Learned a level 4 spell: Manifold Assault
 39310 | Elf:1    | Got the Compendium of Necrotic Topology
 39313 | Elf:1    | Got Sif Muna's Catalogue of the Wild Gargoyle
 39747 | Elf:2    | Found Leunerish's Book Shop.
 39918 | Elf:2    | Found a runed translucent gate.
 39918 | Elf:2    | Found a runed translucent gate.
 39941 | Elf:2    | Found a runed translucent gate.
 40002 | Elf:2    | Found Vorubb's Armour Shoppe.
 40298 | Elf:3    | Entered Level 3 of the Elven Halls
 40485 | Elf:3    | Reached skill level 10 in Translocations
 41800 | Elf:3    | Identified the +6 battleaxe of Subjectivity {flame,
                  | ^Fragile rElec rF+++ Str-2}
 41948 | Elf:3    | Reached skill level 5 in Spellcasting
 41948 | Elf:3    | Reached XP level 24. HP: 203/203 MP: 16/35
 41950 | Elf:3    | Found the +3 Elemental Staff {ele, rElec rF+ rC+ AC+3}
 42030 | Elf:3    | Identified the serpent talisman "Letipn" {Dex+3}
 42031 | Elf:3    | Identified the +4 hand axe of Circular Logic {holy, Will+}
 42038 | Elf:3    | Got Jorih's Octavo of the Green Excursion
 42042 | Elf:3    | Got Sif Muna's Folio of Creeping Trauma
 42043 | Elf:3    | Identified the staff of Qypop {rF++ Earth}
 42481 | Depths:1 | Entered Level 1 of the Depths
 42693 | Depths:1 | Noticed Norris
 42701 | Depths:1 | Killed Norris
 43055 | Depths:1 | Found a gateway to Hell.
 43096 | Depths:1 | Found a one-way gate leading to the halls of Pandemonium.
 43311 | Depths:1 | Found the +5 Lochaber axe {reach-cleave, Poleaxe ^Drain}
 43475 | Depths:1 | Found a glowing silver altar of Zin.
 43567 | Depths:2 | Found a one-way gateway to a ziggurat.
 43583 | Depths:2 | Reached skill level 1 in Dodging
 43759 | Depths:2 | Reached skill level 5 in Dodging
 43982 | Depths:2 | Identified the ring "Neajil" {+Blink MP+9 Str+4 Dex-5
                  | Slay+3}
 44537 | Depths:2 | Noticed a golden dragon
 44545 | Depths:2 | Killed a golden dragon
 45545 | Depths:3 | Reached XP level 25. HP: 181/210 MP: 21/36
 45647 | Depths:3 | Found a transporter.
 45654 | Depths:3 | Noticed a juggernaut
 45722 | Depths:3 | Found a transporter.
 45781 | Depths:3 | Found a corrupted altar of Lugonu.
 45964 | Depths:3 | Reached skill level 10 in Dodging
 46228 | Depths:3 | Found a one-way gate to the infinite horrors of the Abyss.
 46349 | Depths:4 | Entered Level 4 of the Depths
 46429 | Depths:4 | Found a runed translucent gate.
 46430 | Depths:4 | Found a runed translucent gate.
 46431 | Depths:4 | Found a runed translucent gate.
 46596 | Depths:4 | Noticed Caat Rau's ghost (adept DgCj)
 46607 | Depths:4 | Noticed a caustic shrike
 47187 | Depths:4 | Found a gate to the Realm of Zot.
 47665 | Depths:4 | Identified the +9 spear of Gozag's Displeasure {protect,
                  | rC+ rN+ Dex+4 Stlth+}
 47715 | Depths:4 | Noticed a juggernaut
 47727 | Depths:4 | Killed a juggernaut
 48265 | Crypt:1  | Entered Level 1 of the Crypt
 48639 | Crypt:1  | Found a runed translucent door.
 48640 | Crypt:1  | Noticed a dread lich
 49208 | Crypt:1  | Killed a dread lich
 49393 | Crypt:2  | Reached XP level 26. HP: 193/217 MP: 4/36
 49771 | Crypt:2  | Identified the +1 shadow dragon scales of the Salamander
                  | {rC++ rN+ Stlth++++}
 49784 | Crypt:2  | Found an ancient bone altar of Kikubaaqudgha.
 49791 | Crypt:2  | Identified the +4 kite shield of Cuhih {Rampage}
 49921 | Crypt:2  | Identified a scroll of acquirement
 50542 | Crypt:3  | Entered Level 3 of the Crypt
 50712 | Crypt:3  | Found a staircase to the Tomb.
 51060 | Crypt:3  | Identified the +2 arbalest "Revelipsu" {flame, rC+ Will-
                  | Str+2 Dex+3}
 52270 | Orc:2    | Bought a ring of resist corrosion for 220 gold pieces
 52270 | Orc:2    | Bought a potion of resistance for 110 gold pieces
 52531 | Slime:1  | Entered Level 1 of the Pits of Slime
 53059 | Slime:2  | Gained mutation: You are clumsy. (Dex -2) [a shining eye]
 53061 | Slime:2  | Reached XP level 27. HP: 224/224 MP: 14/38
 53270 | Slime:3  | Found a shimmering altar of Xom.
 55011 | Slime:5  | Entered Level 5 of the Pits of Slime
 55171 | Slime:5  | Noticed the Royal Jelly
 55195 | Slime:5  | Killed the Royal Jelly
 55299 | Slime:5  | Gained mutation: You are dopey. (Int -2) [a shining eye]
 55300 | Slime:5  | Gained mutation: Your spells are a little easier to cast,
                  | but a little less powerful. [a shining eye]
 55302 | Slime:5  | Lost mutation: Your spells are a little easier to cast, but
                  | a little less powerful. [potion of mutation]
 55302 | Slime:5  | Lost mutation: Armour fits poorly on your strangely shaped
                  | body. [potion of mutation]
 55302 | Slime:5  | Gained mutation: Potions are less effective at restoring
                  | your health. [potion of mutation]
 55303 | Slime:5  | Lost mutation: You are clumsy. (Dex -2) [potion of
                  | mutation]
 55303 | Slime:5  | Lost mutation: You are dopey. (Int -2) [potion of mutation]
 55303 | Slime:5  | Lost mutation: Potions are less effective at restoring your
                  | health. [potion of mutation]
 55303 | Slime:5  | Gained mutation: You are partially covered in iridescent
                  | scales. (AC +2) [potion of mutation]
 55303 | Slime:5  | Gained mutation: You passively map a small area around you.
                  | [potion of mutation]
 55364 | Slime:5  | Identified the staff of the Dwarven Hall {rF+ Str+4 Stlth+
                  | Fire}
 55528 | Slime:5  | Identified the ring of Dyoshoedo {MP+9 EV+5 Int+3}
 55611 | Slime:5  | Identified the +1 trident "Seceepof" {flame, rElec rC++
                  | Int+5}
 55779 | Slime:5  | Got a slimy rune of Zot
 56325 | Depths:4 | Acquired 812 gold pieces
 56392 | Zot:1    | Entered Level 1 of the Realm of Zot
 56550 | Zot:1    | Noticed an orb of fire
 56566 | Depths:4 | Gained mutation: You occasionally lose the ability to drink
                  | potions when taking damage. [an orb of fire]
 56574 | Depths:4 | Gained mutation: Your body sometimes deteriorates upon
                  | taking damage. [an orb of fire]
 56579 | Depths:4 | Killed an orb of fire
 56596 | Zot:1    | Was placed under penance by Elyvilon
 56924 | Zot:1    | Noticed Grunn
 56934 | Zot:1    | Killed Grunn
 58116 | Zot:3    | Found the -2 hat of the Alchemist {rElec rPois rF+ rC+ rN+
                  | Will+ rMut rCorr}
 58139 | Zot:3    | Reached skill level 15 in Dodging
 58823 | Zot:3    | Found a glowing golden altar of the Shining One.
 58823 | Zot:3    | Found a glowing silver altar of Zin.
 58847 | Zot:3    | Found a white marble altar of Elyvilon.
 59119 | Zot:4    | Found a runed translucent gate.
 59120 | Zot:4    | Found a runed translucent gate.
 59120 | Zot:4    | Found an ancient bone altar of Kikubaaqudgha.
 59120 | Zot:4    | Noticed an ancient lich
 59120 | Zot:4    | Noticed an ancient lich
 59120 | Zot:4    | Noticed a dread lich
 59121 | Zot:4    | Found a runed translucent gate.
 59121 | Zot:4    | Noticed Mikey69's ghost (legendary DsBe)
 59121 | Zot:4    | Noticed a dread lich
 59166 | Zot:4    | Reached skill level 20 in Fighting
 59458 | Zot:4    | Noticed a Killer Klown
 59463 | Zot:4    | Killed a Killer Klown
 59487 | Zot:4    | Was forgiven by Elyvilon
 59966 | Zot:5    | Entered Level 5 of the Realm of Zot
 59974 | Zot:5    | Reached skill level 21 in Fighting
 60444 | Zot:5    | Noticed a Killer Klown
 60453 | Zot:5    | Reached skill level 22 in Fighting
 60459 | Zot:5    | Killed a Killer Klown
 60463 | Zot:5    | Noticed an orb of fire
 60471 | Zot:5    | Noticed an ancient lich
 60472 | Zot:5    | Gained mutation: You are weak. (Str -2) [an orb of fire]
 60476 | Zot:5    | Killed an orb of fire
 60480 | Zot:5    | Noticed a Killer Klown
 60481 | Zot:5    | Killed an ancient lich
 60483 | Zot:5    | Noticed an ancient lich
 60488 | Zot:5    | Gained mutation: You are very weak. (Str -4) [mutagenic
                  | glow]
 60489 | Zot:5    | Killed a Killer Klown
 60489 | Zot:5    | Killed an ancient lich
 60499 | Zot:5    | Gained mutation: Armour fits poorly on your strangely
                  | shaped body. [mutagenic glow]
 60505 | Zot:5    | Lost mutation: You are very weak. (Str -4) [potion of
                  | mutation]
 60505 | Zot:5    | Lost mutation: You passively map a small area around you.
                  | [potion of mutation]
 60505 | Zot:5    | Lost mutation: You are weak. (Str -2) [potion of mutation]
 60505 | Zot:5    | Gained mutation: Your spells are a little harder to cast,
                  | but a little more powerful. [potion of mutation]
 60505 | Zot:5    | Gained mutation: You are frail. (-10% HP) [potion of
                  | mutation]
 60505 | Zot:5    | Gained mutation: Your magical capacity is low. (-10% MP)
                  | [potion of mutation]
 60506 | Zot:5    | Lost mutation: You occasionally lose the ability to drink
                  | potions when taking damage. [potion of mutation]
 60506 | Zot:5    | Lost mutation: You are partially covered in iridescent
                  | scales. (AC +2) [potion of mutation]
 60506 | Zot:5    | Lost mutation: Your spells are a little harder to cast, but
                  | a little more powerful. [potion of mutation]
 60506 | Zot:5    | Gained mutation: You expend magic power (3 MP) to
                  | strengthen your wands. [potion of mutation]
 60506 | Zot:5    | Gained mutation: Your flesh is cold resistant. (rC+)
                  | [potion of mutation]
 60507 | Zot:5    | Lost mutation: Armour fits poorly on your strangely shaped
                  | body. [potion of mutation]
 60507 | Zot:5    | Lost mutation: You expend magic power (3 MP) to strengthen
                  | your wands. [potion of mutation]
 60507 | Zot:5    | Lost mutation: Your flesh is cold resistant. (rC+) [potion
                  | of mutation]
 60507 | Zot:5    | Gained mutation: You expend magic power (3 MP) to
                  | strengthen your wands. [potion of mutation]
 60507 | Zot:5    | Gained mutation: Your body often deteriorates upon taking
                  | damage. [potion of mutation]
 60508 | Zot:5    | Gained mutation: You are very frail. (-20% HP) [mutagenic
                  | glow]
 60514 | Zot:5    | Noticed a dread lich
 60516 | Zot:5    | Gained mutation: You do not regenerate when monsters are
                  | visible. [mutagenic glow]
 60522 | Zot:5    | Killed a dread lich
 60701 | Zot:5    | Lost mutation: Your body often deteriorates upon taking
                  | damage. [potion of mutation]
 60701 | Zot:5    | Lost mutation: You do not regenerate when monsters are
                  | visible. [potion of mutation]
 60701 | Zot:5    | Lost mutation: You are very frail. (-20% HP) [potion of
                  | mutation]
 60701 | Zot:5    | Gained mutation: Your body often deteriorates upon taking
                  | damage. [potion of mutation]
 60702 | Zot:5    | Lost mutation: You are frail. (-10% HP) [potion of
                  | mutation]
 60702 | Zot:5    | Lost mutation: You expend magic power (3 MP) to strengthen
                  | your wands. [potion of mutation]
 60702 | Zot:5    | Lost mutation: Your body often deteriorates upon taking
                  | damage. [potion of mutation]
 60702 | Zot:5    | Gained mutation: You occasionally lose the ability to drink
                  | potions when taking damage. [potion of mutation]
 60703 | Zot:5    | Lost mutation: Your body sometimes deteriorates upon taking
                  | damage. [potion of mutation]
 60703 | Zot:5    | Lost mutation: You occasionally lose the ability to drink
                  | potions when taking damage. [potion of mutation]
 60703 | Zot:5    | Lost mutation: Your magical capacity is low. (-10% MP)
                  | [potion of mutation]
 60703 | Zot:5    | Gained mutation: You have hidden genetic potential. [potion
                  | of mutation]
 60703 | Zot:5    | Gained mutation: You expend magic power (3 MP) to
                  | strengthen your wands. [potion of mutation]
 60703 | Zot:5    | Gained mutation: You passively dampen the noise of your
                  | surroundings. [potion of mutation]
 60712 | Zot:5    | Noticed an orb of fire
 60728 | Zot:5    | Gained mutation: You are dopey. (Int -2) [an orb of fire]
 60730 | Zot:5    | Killed an orb of fire
 60735 | Zot:5    | Reached skill level 23 in Fighting
 60767 | Zot:5    | Noticed a dread lich
 60772 | Zot:5    | Killed a dread lich
 60773 | Zot:5    | Noticed a Killer Klown
 60774 | Zot:5    | Noticed an ancient lich
 60784 | Zot:5    | Killed a Killer Klown
 60804 | Zot:5    | Killed an ancient lich
 60836 | Zot:5    | Reached skill level 24 in Fighting
 60904 | Zot:5    | Noticed an orb of fire
 60914 | Zot:5    | Killed an orb of fire
 60922 | Zot:5    | Noticed an ancient lich
 60933 | Zot:5    | Killed an ancient lich
 60949 | Zot:5    | Noticed an ancient lich
 60966 | Zot:5    | Killed an ancient lich
 61005 | Zot:5    | Got the Orb of Zot
 61389 | D:13     | Noticed Uckaehots the pandemonium lord
 61552 | D:5      | Reached skill level 25 in Fighting
 61681 | D:$      | Escaped with the Orb!

Illustrated notes

Levels and vault maps discovered:
D:1:      dpeg_arrival_shrine, layout_loops_corners, hangedman_decor_points
D:2:      layout_rooms, serial_shops, nicolae_shop_window_shopping,
          ebering_ecumenical_altar_box, minmay_misc_feat_five, minivault_11,
          uniq_sigmund, uniq_terence, uniq_natasha
D:3:      layout_rooms, lemuel_coloured_pillars_altar,
          hangedman_decor_diamond_cutter, minmay_ogre_servants, uniq_jessica,
          uniq_crazy_yiuf_cottage
D:4:      layout_loops_ring, lemuel_zombie_altar_yredelemnul,
          kennysheep_vampire_church, mainiacjoe_overflow_cross_hatched,
          dk_vineyard_1
D:5:      layout_basic, makhleb_blood_cavern_becter,
          mainiacjoe_overflow_alcove_1, tso_oasis_becter
D:6:      layout_loops_ring, minmay_temple_entry_arrows,
          minmay_misc_feat_pillars
D:7:      layout_basic, nicolae_overflow_crystal_walls,
          okawaru_ov_weapons_minmay, fedhas_bush_and_centaur_altar,
          uniq_menkaure
D:8:      minmay_s_stair_smasher, layout_basic, nzn_wu_jian_contemplation,
          mainiacjoe_overflow_concentric_impassable, hellmonk_lair_entry_icy,
          minmay_misc_feat_hallway, uniq_maggie, uniq_amaemon
D:9:      minmay_cut_squares, layout_loops_ring, nemelex_spade_bored_becter
D:10:     layout_stronghold, worldfamousw_hep_ancestral_shrine
D:11:     layout_roguey, gammafunk_ghost_wrathful_warriors,
          minmay_misc_feat_diagonals, minmay_holes, minmay_evil_grid
D:12:     layout_roguey [special_room_bee], orc_david_3, enter_trove_0
D:13:     layout_irregular_city
D:14:     layout_loops_ring, ximxim_vaults_locker_room,
          kennysheep_pointless_box, uniq_roxanne
D:15:     grunt_enter_depths_hoard, layout_irregular_city,
          minmay_misc_feat_cross, kennysheep_four_rooms
Temple:   hellmonk_temple_of_storms
Lair:1:   layout_chaotic_city, gauntlet_entry_generic
Lair:2:   layout_cave_pods, palyth_hydra_swamp_entry,
          minmay_snake_entry_six_corridors, nicolae_lair_lil_pond,
          columned_hall_lemuel
Lair:3:   layout_roguey, hellmonk_talismancer
Lair:4:   layout_hall_layers, ebering_ghost_inner_flame, roderic_carrion_pond,
          uniq_josephine
Lair:5:   hangedman_lair_caniforms_friends, layout_regular_city,
          hangedman_lair_in_review, minmay_slime_entry_oklob_open,
          serial_bayou_shore_a
Swamp:1:  layout_basic_swamp, hangedman_swamp_ruin_wall, swamp_pool_3,
          uniq_nikola, uniq_mlioglotl, uniq_aizul
Swamp:2:  layout_falls_marsh, evilmike_swamp_ruin_rubble_1, uniq_jorgrun
Swamp:3:  layout_basic_swamp, basic_altar, nicolae_swamp_alligator_family
Swamp:4:  swamp_vile, layout_basic_swamp, portal_ice_cave_entry_ugly_swarm,
          infiniplex_staircase_pool_2
Snake:1:  layout_misc_corridors, serial_shops, nicolae_shop_gaudy_bauble,
          basic_altar, st_stairs_8
Snake:2:  layout_grid_maze, lemuel_fruit_tree
Snake:3:  layout_misc_corridors, nicolae_snake_omega, uniq_vashnia
Snake:4:  johnstein_snake_rune_scales, layout_misc_corridors, uniq_asterion
Slime:1:  layout_caves, cheibrodos_slime_lost_civilization_6
Slime:2:  layout_caves, nicolae_slime_welcoming_committee
Slime:3:  layout_caves, basic_altar, nicolae_slime_phagocytosis
Slime:4:  layout_caves
Slime:5:  slime_pit_nicolae_inversion
Orc:1:    layout_caves, basic_altar, mainiacjoe_minedec_watcher_in_the_water,
          uniq_erica
Orc:2:    st_orc_pillars, layout_caves, serial_shops, shop_statue,
          nicolae_alphabet_shops
Elf:1:    eino_elf_arrival_shootout, layout_onion_city,
          nicolae_elf_shapeshifter_party, minmay_shoptagon
Elf:2:    nicolae_elf_blades_splatter_lattice [nicolae_blade_entry_pointy_end],
          layout_geoelf_grid, serial_shops, nicolae_shop_behind_doors,
          nicolae_shop_mannequins
Elf:3:    minmay_elf_hall_statues, layout_geoelf_octagon, grunt_megastairs_2
Vaults:1: nicolae_vaults_sightless_eye, grunt_vaults_hallway_long,
          nicolae_vaults_offset_grid_hallway_1, v_pattern_3,
          nicolae_vaults_tetromino_Z_2, v_misc_12,
          nicolae_vaults_surprise_closet, nicolae_vaults_doubleplus_tesselated,
          nicolae_vaults_crenellated_ambush, v_misc_2, v_alt_pattern_3,
          ontoclasm_vaults_hangar, layout_vaults_omnibox
Vaults:2: v_alt_pattern_5, hangedman_vaults_stream, v_misc_17,
          hangedman_vaults_impose, nicolae_vaults_trapezoid_3,
          minmay_crypt_entry_simple_walls, nicolae_vaults_tetromino_L_2,
          nicolae_vaults_closet_pinwheel_5, nicolae_vaults_stepped_doors,
          dpeg_vaults_monster_row, vaults_room_corners, vaults_room_pools,
          layout_vaults_chaotic_city, uniq_sojobo, uniq_mara, uniq_donald
Vaults:3: v_misc_27, nicolae_vaults_variable_pillar_hall_cross,
          dpeg_vaults_monster_box, nicolae_vaults_ring_of_whatevers, v_misc_3,
          nicolae_vaults_double_plus_1, nicolae_vaults_wrenched,
          layout_vaults_quadrants
Vaults:4: vaults_room_glass_cross, v_misc_25, nicolae_vaults_weapon_check,
          nicolae_vaults_house_3, hangedman_vaults_cutoff, nicolae_vaults_prndl,
          v_misc_5, nicolae_vaults_tetromino_Z_2, v_alt_pattern_4,
          nicolae_vaults_network_quincunx
          [nicolae_vaults_network_quincunx_subvault,
          nicolae_vaults_network_quincunx_subvault,
          nicolae_vaults_network_quincunx_subvault,
          nicolae_vaults_network_quincunx_subvault,
          nicolae_vaults_network_quincunx_subvault],
          nicolae_vaults_trapezoid_lopsided_4, v_misc_31, v_misc_9,
          vaults_dpeg_hooks, layout_vaults_maze_bifur, serial_shops,
          bzr_entry_gold
Crypt:1:  cheibrodos_crypt_cold_storage, layout_regular_city
Crypt:2:  lemuel_vampire_tower, layout_chaotic_city, lemuel_upstairs_altar
Crypt:3:  due_elkab, layout_chaotic_city, small_statue_intersection
Depths:1: layout_forbidden_donut, hell_entry, zin_angel, pan_entry,
          nicolae_guarded_unrand_lochaber, uniq_norris
Depths:2: kennysheep_green_arena, layout_cave_shapes, enter_ziggurat_a,
          pan_entry, hangedman_geh_valley, serial_sigils,
          serial_sigils_hangedman_leer, serial_sigils_hangedman_confine,
          serial_sigils_hangedman_scratch, serial_sigils_hangedman_gnaw
Depths:3: gammafunk_sealed_arena, layout_cave_pools, serial_bayou,
          serial_bayou_lagoon_b, serial_bayou_pond_d, serial_bayou_ford_a,
          serial_bayou_pond_c, serial_bayou_crossing, serial_bayou_pond_e,
          grunt_hell_entry_dis_mu, pan_entry, abyss_entry_flame_altar
Depths:4: grunt_zot_entry_bicorn, layout_gridville, hangedman_tar_grid_catacomb,
          gammafunk_ghost_split, grunt_megastairs_3
Zot:1:    layout_misc_corridors, uniq_grunn, uniq_josephina
Zot:2:    layout_onion_interference
Zot:3:    layout_basic, st_stairs_13, regret_index_zotdec_alabaster_prism,
          st_large_dragon_hoard_1
Zot:4:    layout_gridville, gammafunk_ghost_crypt
Zot:5:    layout_misc_corridors, grunt_ministairs_9

Skill      XL: |  1  2  3  4  5  6  7  8  9 10 11 12 13 14 15 16 17 18 19 20 21 22 23 24 25 26 27 |
---------------+----------------------------------------------------------------------------------+-----
Axes           | 4 5 6 7 8 10 11 13 15 | 15.4
Armour         | 5 9 10 12 13 15 17 22 | 22.3
Fighting       | 6 7 8 11 12 16 18 19 25 | 25.0
Evocations     | 3 5 7 8 14 15 | 15.0
Maces & Flails | 4 10 12 14 15 17 | 17.7
Shields        | 1 5 7 15 | 15.0
Invocations    | 10 16 18 22 | 22.7
Translocations | 5 11 | 11.8
Spellcasting   | 5 9 |  9.0
Dodging        | 9 12 15 | 15.2
Fire Magic     | |  3.0

Action                     |  1- 3 |  4- 6 |  7- 9 | 10-12 | 13-15 | 16-18 | 19-21 | 22-24 | 25-27 || total
---------------------------+-------+-------+-------+-------+-------+-------+-------+-------+-------++-------
  Melee: Hand axe          |    70 |   114 |   343 |   253 |       |       |       |       |       ||   780
         Punch             |       |     3 |     4 |     5 |     3 |       |       |       |       ||    15
         Great mace        |       |       |       |    98 |   608 |  1066 |   823 |  1125 |  2371 ||  6091
  Throw: Dart              |       |       |    10 |     2 |       |       |       |       |       ||    12
   Cast: Scorch            |     2 |     7 |    52 |       |       |       |       |       |       ||    61
         Manifold Assault  |       |       |       |       |       |       |       |   109 |   292 ||   401
 Invoke: Fiery Armour      |       |     1 |       |     3 |     1 |     1 |       |       |       ||     6
         Foxfire Swarm     |       |     1 |     1 |       |       |     1 |       |       |       ||     3
         Rising Flame      |       |       |       |       |       |     1 |       |       |       ||     1
         Heal Other        |       |       |       |       |       |     9 |     4 |       |     1 ||    14
         Heal Self         |       |       |       |       |       |     2 |       |       |     2 ||     4
         Divine Vigour     |       |       |       |       |       |       |       |       |     5 ||     5
         Purification      |       |       |       |       |       |       |       |       |     1 ||     1
Ability: Dig               |       |     1 |       |     2 |       |     3 |       |     1 |     3 ||    10
  Evoke: Wand              |       |     6 |     9 |    17 |     3 |    11 |       |     1 |     5 ||    52
         Lightning rod     |       |       |       |     6 |     1 |    15 |     5 |     3 |       ||    30
         Phantom mirror    |       |       |       |       |     1 |     2 |       |       |     2 ||     5
         Tin of tremorston |       |       |       |       |     1 |     5 |     2 |       |     3 ||    11
         Sack of spiders   |       |       |       |       |     1 |     1 |     1 |       |     1 ||     4
         Phial of floods   |       |       |       |       |       |     1 |       |       |       ||     1
    Use: Scroll            |       |       |    12 |     6 |    12 |     8 |     3 |    10 |    12 ||    63
         Potion            |       |       |       |     5 |     1 |     4 |     1 |       |    24 ||    35
   Stab: Invisible         |       |       |       |     5 |       |     4 |       |       |       ||     9
         Distracted        |       |       |       |       |       |       |       |       |     6 ||     6
 Armour: Robe              |    40 |    80 |   168 |       |       |       |       |       |       ||   288
         Chain mail        |       |       |    57 |   120 |       |       |       |       |       ||   177
         Plate armour      |       |       |       |   162 |   789 |   998 |   821 |   171 |       ||  2941
         Pearl dragon scal |       |       |       |       |       |       |       |   557 |  1373 ||  1930
  Dodge: Dodged            |    52 |    69 |   208 |   147 |   167 |   191 |   148 |   155 |   651 ||  1788
  Block: Other             |       |       |       |       |    30 |       |       |       |       ||    30
         Buckler           |       |       |       |       |   242 |   299 |       |       |       ||   541
         Reflection        |       |       |       |       |     8 |    63 |    31 |    67 |    22 ||   191
         Kite shield       |       |       |       |       |       |   297 |   707 |   627 |  1507 ||  3138
